Map: 돌개바람 - 래더 (공허의 유산)

Players

INnoVation - Winner!

  • Race: Terran Terran
  • Spawn Location: 1:00

Stats

  • Race: Protoss Protoss
  • Spawn Location: 11:00

VOD

Have the link to the VOD?

Description

Time

  • Played on: Dec. 17, 2016, 11:49 p.m.
  • Length: 6:55
Show
View Real Time Build Order
Export as new Build Order

INnoVation Terran - Winner!

Build Orders: Command Center First (CC), MMM Bio 

Get SALT Encoding   

  12  0:00  SCV  
  13  0:12  SCV  
  14  0:17  Supply Depot  
  14  0:24  SCV  
  15  0:38  SCV  
  16  0:50  SCV  
  17  0:59  Command Center  
  17  1:02  SCV  
  18  1:14  Barracks  
  18  1:15  SCV  
  19  1:22  Refinery  
  19  1:27  SCV  
  20  1:34  Barracks  
  20  1:39  SCV  
  21  1:51  SCV  
  22  2:00  Marine  
  23  2:03  Orbital Command  
  23  2:10  Orbital Command  
  23  2:18  Barracks Reactor  
  23  2:21  Barracks Tech Lab  
  23  2:22  Barracks  
  23  2:29  SCV  
  24  2:32  Refinery  
  24  2:36  SCV  
  25  2:41  SCV, Marine  
  26  2:48  SCV  
  26  2:51  Stimpack  
  27  2:54  SCV, Supply Depot  
  27  2:55  Marine  
  27  2:56  Marine  
  30  3:00  SCV, Marine  
  32  3:06  SCV  
  32  3:10  Barracks Reactor  
  32  3:11  Supply Depot  
  32  3:12  SCV  
  34  3:13  Marine  
  34  3:14  Marine  
  34  3:18  SCV, Marine  
  38  3:24  SCV  
  38  3:26  Factory  
  39  3:31  Marine  
  39  3:32  Marine  
  41  3:35  SCV, Marine  
  41  3:37  SCV  
  41  3:40  Supply Depot  
  43  3:47  Marine x2  
  42  3:51  SCV x2, Marine  
  42  3:53  Marine  
  46  3:59  Engineering Bay  
  46  4:03  SCV x2  
  46  4:08  Marine x3  
  46  4:09  Marine  
  51  4:15  SCV  
  51  4:16  SCV  
  53  4:18  Starport  
  53  4:21  Factory Reactor  
  53  4:25  Terran Infantry Weapons Level 1  
  53  4:28  SCV x2  
  53  4:30  Refinery  
  55  4:35  Marine x2, Supply Depot  
  57  4:39  Bunker  
  57  4:44  Bunker  
  57  4:45  Marine x2  
  58  4:48  SCV  
  58  4:49  SCV  
  60  4:57  Combat Shields  
  60  4:59  Widow Mine x2  
  64  5:02  Supply Depot  
  64  5:04  Medivac  
  66  5:11  Bunker  
  66  5:13  Marine x3  
  66  5:14  Marine  
  69  5:15  Marine  
  69  5:20  Supply Depot  
  70  5:27  SCV x2, Missile Turret  
  71  5:31  Widow Mine  
  71  5:32  Widow Mine  
  75  5:38  Marine x4  
  75  5:40  Marine  
  75  5:42  Medivac  
  80  5:45  Missile Turret  
  80  5:50  Supply Depot  
  80  5:56  Marine x4  
  84  6:01  Widow Mine  
  84  6:04  Widow Mine  
  85  6:10  SCV x2  
  70  6:24  Marine  
  70  6:25  Marine x2  
  53  6:32  Marine  
  53  6:33  Marine  
Show
View Real Time Build Order
Export as new Build Order

Stats Protoss 

Build Orders: 1 Gate Expand, Oracle Opening 

Get SALT Encoding   

  12  0:00  Probe (Chrono Boost)  
  13  0:11  Probe (Chrono Boost)  
  14  0:17  Pylon  
  14  0:22  Probe (Chrono Boost)  
  15  0:35  Probe (Chrono Boost)  
  16  0:36  Gateway  
  16  0:45  Probe (Chrono Boost)  
  16  0:46  Assimilator  
  17  0:56  Probe (Chrono Boost)  
  18  1:06  Probe (Chrono Boost)  
  19  1:17  Probe (Chrono Boost)  
  20  1:25  Nexus  
  20  1:31  Cybernetics Core  
  20  1:33  Probe (Chrono Boost)  
  20  1:39  Assimilator  
  21  1:44  Probe (Chrono Boost)  
  22  1:54  Probe (Chrono Boost), Pylon  
  23  2:08  Adept  
  23  2:13  Probe (Chrono Boost)  
  26  2:16  Stargate  
  26  2:25  Probe (Chrono Boost)  
  26  2:27  Warp Gate  
  27  2:32  Adept  
  30  2:37  Probe (Chrono Boost)  
  30  2:38  Probe (Chrono Boost)  
  31  2:48  Probe (Chrono Boost)  
  31  2:50  Probe (Chrono Boost)  
  33  2:54  Oracle  
  34  2:58  Probe (Chrono Boost)  
  34  3:02  Probe (Chrono Boost)  
  37  3:09  Probe (Chrono Boost)  
  39  3:14  Probe (Chrono Boost)  
  39  3:15  Gateway  
  39  3:17  Gateway, Assimilator  
  39  3:20  Probe (Chrono Boost)  
  39  3:25  Pylon  
  39  3:26  Probe (Chrono Boost)  
  41  3:29  Void Ray  
  41  3:36  Probe (Chrono Boost)  
  46  3:44  Probe (Chrono Boost)  
  47  3:49  Probe (Chrono Boost)  
  49  3:56  Gateway x2  
  49  3:57  Probe (Chrono Boost)  
  49  4:01  Gateway  
  49  4:08  Probe (Chrono Boost)  
  51  4:10  Pylon  
  51  4:12  Pylon  
  51  4:13  Void Ray  
  54  4:25  Pylon  
  54  4:29  Probe (Chrono Boost)  
  54  4:31  Probe (Chrono Boost)  
  56  4:33  Sentry x2  
  56  4:34  Sentry  
  62  4:40  Probe (Chrono Boost)  
  63  4:48  Pylon  
  63  4:51  Void Ray  
  63  4:54  Adept x2  
  71  5:03  Pylon  
  71  5:04  Adept x2  
  75  5:21  Sentry  
  75  5:22  Gateway, Adept  
  75  5:23  Adept x2  
  75  5:25  Zealot  
  75  5:26  Adept  
  87  5:45  Pylon, Adept x3  
  87  5:46  Pylon  
  87  5:48  Pylon  
  92  6:11  Stalker x3, Adept x3  
  74  6:24  Stalker  
  38  6:34  Adept  
  38  6:35  Adept x4  
Tags
 
Add a new tag
Caveats
  • Supply blocks, unpowered buildings, or Contaminate may cause inaccurate times.
  • Supply counts are checked every 10 seconds.